 Dungeon Crawl Stone Soup version 0.31-a0-702-gf82c85558f (webtiles) character file.

Game seed: 2740003252246928018

1103 demibob the Cleaver (level 8, 0/96 HPs)
             Began as a Hill Orc Chaos Knight on Sept 8, 2023.
             Was a Plaything of Xom.
             Succumbed to a gnoll sergeant's poison
             ... on level 7 of the Dungeon.
             The game lasted 00:08:53 (5713 turns).

demibob the Cleaver (Hill Orc Chaos Knight)         Turns: 5713, Time: 00:08:54

Health: 0/96       AC: 24    Str: 11 (14) XL:     8   Next: 32%
Magic:  1/7        EV:  2    Int:  8 (9)  God:    Xom [..*...]
Gold:   369        SH:  0    Dex: 15 (18) Spells: 7/7 levels left

rFire   . . .        a - +1 hand axe (chaos)
rCold   . . .        (no shield)
rNeg    . . .        b - melded +2 leather armour
rPois   +            p - melded +0 hat
rElec   .            l - melded +0 cloak
rCorr   .            (gloves currently unavailable)
SInv    +            (boots currently unavailable)
Will    .....        d - amulet of guardian spirit
Stlth   +            m - ring of the Past {EV+5 Str-3 Int-3 Dex+8 Slay+4}
HPRegen 0.36/turn    (no ring)
MPRegen 0.10/turn

%: guardian spirit
@: lethally poisoned (0 -> -2), tree-form, hasted, very quick
A: stationary, stasis, torment immunity, boosted hp, see invisible, (cold
resistance 1), low MP 1, wild magic 1
a: Renounce Religion


You were on level 7 of the Dungeon.
You worshipped Xom.
You were a toy of Xom.
You were a tree.
You visited 1 branch of the dungeon, and saw 7 of its levels.

You collected 369 gold pieces.


Innate Abilities, Weirdness & Mutations

You are a tree.
Your roots penetrate the ground, keeping you stationary.
You cannot be teleported.
You are immune to unholy pain and torment.
Your maximum health is greatly increased.
Your equipment is partially melded.
You have supernaturally acute eyesight. (SInv)
((Your flesh is cold resistant. (rC+)))
Your magical capacity is low. (-10% MP)
Your spells are a little harder to cast, but a little more powerful.


   Skills:
 - Level 3.6 Fighting
 + Level 12.9 Axes
 - Level 2.1 Armour
 - Level 0.7 Dodging


You had 7 spell levels left.
You didn't know any spells.
Your spell library contained the following spells:

 Spells                   Type           Power      Damage    Failure   Level
 Magic Dart               Conj           0%         1d3       50%         1
 Searing Ray              Conj           0%         2d4       63%         2
 Fulminant Prism          Conj/Hex       0%         3d5       99%         4

Inventory:

Hand Weapons
 a - a +1 hand axe of chaos (weapon)
Missiles
 r - 5 boomerangs
Armour
 b - a +2 leather armour (melded)
 l - a +0 cloak (melded)
 p - a +0 hat (melded)
Jewellery
 d - an amulet of guardian spirit (around neck)
 m - the ring of the Past (left branch) {EV+5 Str-3 Int-3 Dex+8 Slay+4}
   (You found it on level 5 of the Dungeon)

   [ring of evasion]

   EV+5:      It affects your evasion (+5).
   Str-3:     It affects your strength (-3).
   Int-3:     It affects your intelligence (-3).
   Dex+8:     It affects your dexterity (+8).
   Slay+4:    It affects your accuracy & damage with ranged weapons and melee
   (+4).
 F - a ring of fire
Wands
 f - a wand of roots (13)
 h - a wand of flame (30)
 n - a wand of polymorph (10)
Scrolls
 e - a scroll of poison
 k - a scroll of teleportation {@r2}
 q - 2 scrolls of enchant weapon
Potions
 i - 3 potions of mutation

Dungeon Overview and Level Annotations

Branches:
Dungeon (7/15)             Temple (0/1) D:6

Altars:
Dithmenos
Hepliaklqana
Kikubaaqudgha
Okawaru
Qazlal

..............
..............
.............. ####
..............
...##....>.........
#............))....
##...#.........##.##
#g)#...........)..#
####.#♣.....#.####.###
#.)..#)#.........<.#
#gg....# ###.......#
...g.##▒+▒ #.......#
....gg. #.........
....... .........#.
....... #...........
....... ..#...#.## ##
....#.. ###.#...#


You could see a gnoll (confused).


Message History

You feel weakened.
You feel dopey.
You feel clumsy.
Xom is amused.
You feel sick.
Xom's power touches on your mind for a moment.
The gnoll looks rather confused. x3
The gnoll hits the gnoll with a +0 whip.
It was a potion of haste.
You feel yourself speed up.
You feel sick.
The gnoll seems less confused.
The gnoll hits you but does no damage. The gnoll hits you with a +0 club!
* * * LOW HITPOINT WARNING * * *
Xom is amused.
You catch the helpless gnoll completely off-guard!
You slash the gnoll! Lightning courses through the gnoll!
You kill the gnoll!
You hit the gnoll but do no damage.
* * * LOW HITPOINT WARNING * * *
You feel sick.
You barely miss the gnoll. You hit the gnoll.
The gnoll is poisoned.
The gnoll is moderately wounded.
* * * LOW HITPOINT WARNING * * *
You feel sick.
You closely miss the gnoll.
The gnoll is moderately wounded.
The gnoll barely misses the gnoll.
The gnoll hits you but does no damage.
You slash the gnoll!
You kill the gnoll!
You swing at nothing.
You die...
Xom howls with laughter!

Skill      XL: |  1  2  3  4  5  6  7 |
---------------+----------------------+-----
Axes           | 5 6 7 8 10 12 | 12.9
Fighting       | |  3.6
Armour         | |  2.1
Dodging        | |  0.7

Action                     |  1- 3 |  4- 6 |  7- 9 || total
---------------------------+-------+-------+-------++-------
  Melee: Hand axe          |    91 |   109 |   100 ||   300
         Punch             |       |     3 |       ||     3
  Evoke: Wand              |       |       |     7 ||     7
    Use: Scroll            |     4 |     4 |     6 ||    14
         Potion            |     2 |     1 |     4 ||     7
   Stab: Confused          |       |     1 |     1 ||     2
         Invisible         |       |     1 |       ||     1
 Armour: Leather armour    |    63 |    48 |    37 ||   148
         Skin              |       |       |    22 ||    22
  Dodge: Dodged            |    55 |    57 |    63 ||   175

Levels and vault maps discovered:
D:1:      saegor_arrival_simple_e, layout_basic
D:2:      layout_basic
D:3:      layout_loops_ring, nicolae_overflow_crystal_walls,
          hellmonk_ecumenical_altar_zigzags, patterned_corridor
D:4:      layout_loops_ring, riverfiend_overflow_shadow_ancestor
D:5:      layout_layer_cave
D:6:      layout_gridville, general_overflow_altar, grunt_qazlal_sundering,
          minmay_temple_entry_slanted, uniq_blork_the_orc, uniq_duvessa
D:7:      layout_rooms, nicolae_ru_awakened_eye, enter_bailey_8, serial_shops,
          nicolae_shop_rolled_up

Notes
Turn   | Place    | Note
-------+----------+-------------------------------------------
     0 | D:1      | demibob the Hill Orc Chaos Knight began the quest for the
                  | Orb.
     0 | D:1      | Reached XP level 1. HP: 19/19 MP: 1/1
    88 | D:1      | Reached XP level 2. HP: 26/26 MP: 2/2
   158 | D:1      | XOM: potion effect (brilliance)
   177 | D:1      | Reached skill level 5 in Axes
   206 | D:1      | XOM: god gift: wand of roots (5)
   552 | D:1      | XOM: 2-stop teleportation journey
   604 | D:1      | Reached XP level 3. HP: 31/31 MP: 3/3
   812 | D:1      | XOM: silly message
   980 | D:2      | Reached skill level 6 in Axes
  1085 | D:2      | XOM: 1-stop teleportation journey
  1115 | D:2      | HP: 1/31 [gnoll/+0 halberd (4)]
  1122 | D:2      | Reached XP level 4. HP: 24/39 MP: 4/4
  1130 | D:2      | XOM: divination: detect items
  1415 | D:2      | XOM: butterfly on damage
  1421 | D:2      | Reached skill level 7 in Axes
  1651 | D:3      | Found a faded altar of an unknown god.
  1756 | D:3      | XOM: cloud trail
  1969 | D:3      | Reached XP level 5. HP: 36/45 MP: 5/5
  2039 | D:3      | Found an ancient bone altar of Kikubaaqudgha.
  2197 | D:3      | XOM: give mutation
  2197 | D:3      | Gained mutation: Your magical capacity is low. (-10% MP)
                  | [Xom's mischief]
  2489 | D:4      | XOM: give mutations
  2489 | D:4      | Gained mutation: Your spells are a little harder to cast,
                  | but a little more powerful. [Xom's grace]
  2489 | D:4      | Gained mutation: Your flesh is cold resistant. (rC+) [Xom's
                  | grace]
  2489 | D:4      | Gained mutation: You have supernaturally acute eyesight.
                  | (SInv) [Xom's grace]
  2658 | D:4      | XOM: cloud trail
  2857 | D:4      | Noticed a shadow
  2858 | D:4      | Found a shadowy altar of Dithmenos.
  2859 | D:4      | Found a hazy altar of Hepliaklqana.
  3137 | D:5      | Entered Level 5 of the Dungeon
  3225 | D:5      | Identified the ring of the Past {EV+5 Str-3 Int-3 Dex+8
                  | Slay+4}
  3286 | D:5      | Noticed an ogre
  3289 | D:5      | Killed an ogre
  3290 | D:5      | Reached skill level 8 in Axes
  3290 | D:5      | Reached XP level 6. HP: 51/51 MP: 5/5
  3316 | D:5      | XOM: potion effect (invisibility)
  3322 | D:5      | Reached skill level 9 in Axes
  3334 | D:5      | XOM: 3-stop teleportation journey
  3360 | D:5      | XOM: god gift: 35 gold pieces
  3472 | D:5      | Reached skill level 10 in Axes
  3472 | D:5      | Reached XP level 7. HP: 57/57 MP: 6/6
  3484 | D:5      | XOM: 1-stop teleportation journey
  4024 | D:5      | Reached skill level 11 in Axes
  4441 | D:5      | XOM: god gift: 2 boomerangs
  4529 | D:6      | Noticed Blork the orc
  4538 | D:6      | Killed Blork the orc
  4593 | D:6      | Noticed Duvessa
  4618 | D:6      | XOM: silly message
  4620 | D:6      | XOM: divination: detect items
  4628 | D:6      | XOM: summons friendly iron imp
  4632 | D:6      | Noticed Dowan
  4672 | D:6      | XOM: noise
  4815 | D:6      | Killed Dowan
  4851 | D:6      | Found a staircase to the Ecumenical Temple.
  4884 | D:6      | XOM: potion effect (brilliance)
  4893 | D:6      | Reached skill level 12 in Axes
  4893 | D:6      | Reached XP level 8. HP: 49/64 MP: 5/7
  4973 | D:6      | Found an iron altar of Okawaru.
  4997 | D:6      | Found a stormy altar of Qazlal.
  5106 | D:6      | XOM: scenery: 1 doors open
  5116 | D:6      | XOM: divination: detect creatures
  5409 | D:6      | Killed Duvessa
  5679 | D:7      | XOM: 1-stop teleportation journey
  5705 | D:7      | HP: 9/96 [poisoned by a gnoll sergeant]
  5706 | D:7      | XOM: confuse monster(s)
  5707 | D:7      | HP: 2/96 [gnoll/+0 club[a gnoll sergeant] (5)]
  5713 | D:7      | Succumbed to a gnoll sergeant's poison

Vanquished Creatures
  A water moccasin (D:6)
  Duvessa (D:6)
  2 black bears (D:5)
  A centaur (D:5)
  Blork the orc (D:6)
  A gnoll sergeant (D:7)
  A scorpion (D:5)
  Dowan (D:6)
  A hound (D:5)
  A jelly (D:5)
  2 iguanas
  7 gnolls
  4 adders
  A shadow imp (D:6)
  2 white imps
  4 worms
  A dart slug (D:1)
  7 orcs
  7 endoplasms
  4 giant cockroaches
  6 goblins
  5 hobgoblins
  4 jackals (D:1)
  6 kobolds
  A quokka (D:2)
  7 bats
  4 frilled lizards
  4 rats
87 creatures vanquished.

Vanquished Creatures (collateral kills)
  An ogre (D:5)
1 creature vanquished.

Grand Total: 88 creatures vanquished

Table legend: (Time is in decaauts)
 A = Elapsed time spent in this place.
 B = Non-inter-level travel time spent in this place.
 C = Inter-level travel time spent in this place.
 D = Time resting spent in this place.
 E = Time spent auto-exploring this place.
 F = Levels seen in this place.
 G = Mean time per level.
                   A        B        C        D        E       F      G
               +--------+--------+--------+--------+--------+-----+--------+
         Total |   5677 |   5514 |    163 |    369 |   4399 |   7 |  811.0 |
       Dungeon |   5677 |   5514 |    163 |    369 |   4399 |   7 |  811.0 |
               +--------+--------+--------+--------+--------+-----+--------+

Top non-repeatable levels by time:
     D:5: 1491 daAuts
     D:6: 1008 daAuts
     D:1: 905 daAuts
     D:3: 822 daAuts
     D:4: 711 daAuts
     D:2: 695 daAuts
     D:7: 43 daAuts

Table legend:
 A = Non-vault XP
 B = Vault XP
 C = Vault XP percentage of total XP
 D = Non-vault monster count
 E = Vault monster count
 F = Vault count percentage of total count
                 A         B        C        D         E       F
            +---------+---------+-------+---------+---------+-------
      Total |    1281 |     296 |  18.8 |      85 |       3 |   3.4
            +---------+---------+-------+---------+---------+-------
        D:1 |      39 |       0 |   0.0 |      22 |       0 |   0.0
        D:2 |     100 |       0 |   0.0 |      24 |       0 |   0.0
        D:3 |      51 |       0 |   0.0 |      10 |       0 |   0.0
        D:4 |      11 |       0 |   0.0 |       4 |       0 |   0.0
        D:5 |     715 |       0 |   0.0 |      12 |       0 |   0.0
        D:6 |     211 |     296 |  58.4 |       4 |       3 |  42.9
        D:7 |     154 |       0 |   0.0 |       9 |       0 |   0.0
            +---------+---------+-------+---------+---------+-------
